 Dungeon Crawl Stone Soup version 0.17-a0-1596-g1e86911 (webtiles) character file.

48 Nakatomy the Digger (level 3, -1/19 HPs)
             Began as a Gargoyle Earth Elementalist on July 29, 2015.
             Slain by a river rat (4 damage)
             ... on level 3 of the Dungeon on July 30, 2015.
             The game lasted 00:17:34 (1808 turns).

Nakatomy the Digger (Gargoyle Earth Elementalist)   Turns: 1808, Time: 00:17:34

Health: -1/19      AC:  7    Str: 11    XL:     3   Next: 72%
Magic:  0/7        EV: 12    Int: 16    God:
Gold:   10         SH:  0    Dex: 10    Spells: 2 memorised, 4 levels left

rFire  . . .     SeeInvis .     h - +0 short sword
rCold  . . .     Clarity  .     o - +0 robe
rNeg   + . .     SustAt   .     (no shield)
rPois  ∞         Gourm    .     f - +0 hat
rElec  +         Spirit   .     (no cloak)
rCorr  .         Warding  .     (no gloves)
rMut   .         Stasis   .     m - +1 pair of boots
MR     .....                    (no amulet)
Stlth  ++........               (no ring)
                                (no ring)

@: very slightly contaminated, not resistant to hostile enchantments, unstealthy
A: negative energy resistance 1, electricity resistance, unbreathing,
petrification resistance, rot immunity, AC +3
a: no special abilities


You were on level 3 of the Dungeon.
You were not hungry.

You visited 1 branch of the dungeon, and saw 3 of its levels.
You also visited: Sewer.

You collected 10 gold pieces.

Inventory:

Hand weapons
 h - a +0 short sword (weapon)
Missiles
 a - 116 stones (quivered)
Armour
 b - a +0 robe
 e - a +0 robe
 f - a +0 hat (worn)
 m - a +1 pair of boots (worn)
 o - a +0 robe (worn)
Scrolls
 j - a scroll of remove curse {unknown}
 l - 2 scrolls of identify
Potions
 g - a potion of invisibility
 n - a potion of cancellation {unknown}
Books
 c - a book of Geomancy

   Spells                             Type                      Level
   a - Sandblast                      Earth                        1
   b - Stoneskin                      Transmutation/Earth          2
   c - Passwall                       Transmutation/Earth          3
   d - Stone Arrow                    Conjuration/Earth            3
   e - Petrify                        Transmutation/Earth          4
   f - Lee's Rapid Deconstruction     Earth                        5
Comestibles
 d - 2 bread rations
 i - 2 chunks of flesh
 k - a meat ration


   Skills:
 - Level 1.5 Dodging
 - Level 2.1 Stealth
 * Level 3.1 Spellcasting
 + Level 0.0 Conjurations
   Level 0.7 Transmutations
 + Level 4.3 Earth Magic


You had 4 spell levels left.
You knew the following spells:

 Your Spells              Type           Power        Failure   Level  Hunger
a - Sandblast             Erth           ###...       3%          1    None
b - Stone Arrow           Conj/Erth      #.....       28%         3    ###....


Dungeon Overview and Level Annotations

Branches:
Dungeon (3/15)

Altars:


Innate Abilities, Weirdness & Mutations

You are resistant to torment.
Your stone body is resilient (AC +3).
You are immune to poison.
You resist negative energy.
You are resistant to electric shocks.
You can survive without breathing.
You are immune to petrification.
You are immune to rotting.


Message History

The river rat is heavily wounded.
The river rat misses you. The river rat bites you.
* * * LOW HITPOINT WARNING * * *
The river rat barely misses you.
Welcome back to the Dungeon!
There is a collapsed entrance here.
Casting: Sandblast
Confirm with . or Enter, or press ? or * to list all spells.
Aiming: Sandblast
Press: ? - help, Shift-Dir - straight line, f - river rat
Aim: a river rat (water, heavily wounded)
The blast of sand hits the river rat.
The river rat is almost dead.
The river rat bites you.
* * * LOW HITPOINT WARNING * * *
You are too injured to fight recklessly!
You barely miss the river rat.
The river rat is almost dead.
The river rat bites you.
You die...

##### ##≈..## #.≈..≈##
#≈≈#≈†≈# ##.. #≈≈#≈.≈#
..o. #≈≈#r@≈# .....
#≈≈#≈.≈# ..... #.≈#≈≈≈#
......#≈≈#≈≈≈#
......#..##≈..
.......≈≈###..≈###
.(.....≈##.#####.#
###......#.......####
#.................########


You could see a river rat.

Vanquished Creatures
  An adder (D:2)
  3 giant geckos
  5 giant cockroaches (D:3)
  7 goblins
  A hobgoblin (D:2)
  8 bats
  4 giant newts
  3 kobolds (D:1)
  5 rats
37 creatures vanquished.

Notes
Turn   | Place    | Note
--------------------------------------------------------------
     0 | D:1      | Nakatomy the Gargoyle Earth Elementalist began the quest for the Orb.
     0 | D:1      | Reached XP level 1. HP: 10/10 MP: 3/3
   475 | D:2      | Reached XP level 2. HP: 15/15 MP: 1/5
   945 | D:1      | Reached skill level 4 in Earth Magic
  1387 | D:1      | Reached XP level 3. HP: 19/19 MP: 4/7
  1688 | D:3      | Found a glowing drain.
  1782 | D:3      | Learned a level 3 spell: Stone Arrow
  1785 | Sewer    | Entered a sewer
  1808 | D:3      | Slain by a river rat

Vault maps used:
D:1:      erik_arrival_cave_to_civilisation, st_stairs_4
D:2:      yredelemnul_forgotten_temple_becter, uniq_robin
D:3:      gup_sewer_entry_pipe
Sewer:    sewer_kobolds

Action                   || total
-------------------------++-------
Melee: Short sword       ||    23
 Cast: Sandblast         ||    74
  Use: Scroll            ||     4
  Eat: Chunk             ||     3
